[Event "Early-Titled-Tuesday-Blitz-May-07-2024"]
[Site "Chess.com"]
[Date "2024.05.07"]
[Round "3"]
[White "Rakhmanov_Aleksandr"]
[Black "Semetey"]
[Result "1-0"]
[WhiteElo "2860"]
[BlackElo "2582"]
[TimeControl "180+1"]
[EndTime "8:32:34 PDT"]
[Termination "Rakhmanov_Aleksandr won by checkmate"]

1. c4 c5 2. Nc3 Nc6 3. g3 g6 4. Bg2 Bg7 5. b3 Nh6 6. Ba3 d6 7. e3 Nf5 8. Nge2 h5 9. h3 Bd7 10. d3 e6 11. Qd2 a6 12. Bb2 Qa5 13. Rd1 O-O 14. O-O Rab8 15. Qc1 b5 16. Qa1 Qd8 17.
Ne4 Bxb2 18. Qxb2 f6 19. Nf4 Kg7 20. Qe2 Qe7 21. Rd2 Rh8 22. Rfd1 Be8 23. d4 cxd4 24. exd4 Bf7 25. d5 exd5 26. Nxd5 Bxd5 27. Rxd5 Nb4 28.
R5d2 bxc4 29. bxc4 Rhd8 30. Qf3 a5 31. Qa3 Qc7 32.
Qc3 Qe7 33. a3 Nc6 34. Nxf6 Qxf6 35. Qxf6+ Kxf6 36. Bxc6 Rb3 37. a4 Rc3 38. Bb5 Rb3 39.
Kg2 Ke6 40. Re2+ Kf6 41. Rdd2 Rc3 42. Re4 Rc8 43. Rf4 Kg5 44. h4+ Kf6 45. Rxd6+ Ke5 46.
Rxg6 Rc2 47. Bd7 Rf8 48. Re6# 1-0

[Event "Early-Titled-Tuesday-Blitz-May-07-2024"]
[Site "Chess.com"]
[Date "2024.05.07"]
[Round "3"]
[White "Caterpiller35"]
[Black "briesmas"]
[Result "0-1"]
[WhiteElo "2501"]
[BlackElo "2307"]
[TimeControl "180+1"]
[EndTime "8:32:34 PDT"]
[Termination "briesmas won by checkmate"]

1. e4 c5 2. Nf3 d6 3. d4 cxd4 4. Nxd4 Nf6 5. Nc3 a6 6. Bg5 e6 7.
f4 h6 8. Bh4 Nbd7 9. Qf3 e5 10.
Nf5 exf4 11. O-O-O g5 12. Bf2 Ne5 13. Qe2 Bxf5 14. exf5 Be7 15. Bd4 Qc7 16. h4 g4 17.
Nd5 Nxd5 18. Bxe5 dxe5 19. Rxd5 Bf6 20. Qxg4 Ke7 21. Rh3 Rhg8 22. Qd1 Rad8 23. Rc3 Qb6 24. Rb3 Qc6 25. c4 b5 26. Qc2 bxc4 27. Bxc4 Rxd5 28.
Bxd5 Qxd5 29. Rd3 Qb5 30. Rb3 Qf1+ 31. Qd1 Qxd1+ 32. Kxd1 Rxg2 33. Rb7+ Kf8 34. Rb6 Bxh4 35. Rxh6 Bg3 36. Rxa6 f3 37. f6 Kg8 38. Ra4 f2 39.
Ke2 Rg1 40. Rg4+ Kh7 41. Rg7+ Kh6 42. Rxg3 Rxg3 43. Kxf2 Rg6 44. Kf3 Rxf6+ 45. Kg4 Rf2 46. a4 Rxb2 47. a5 Ra2 48. a6 Rxa6 49. Kf5 Re6 50.
Kg4 e4 51. Kf4 e3 52. Kg3 e2 53. Kg2 e1=Q 54. Kh3 Re3+ 55. Kg4 Qg3+ 56. Kf5 Qg5# 0-1

[Event "Early-Titled-Tuesday-Blitz-May-07-2024"]
[Site "Chess.com"]
[Date "2024.05.07"]
[Round "3"]
[White "ChessSwole"]
[Black "ubdip"]
[Result "0-1"]
[WhiteElo "2644"]
[BlackElo "2509"]
[TimeControl "180+1"]
[EndTime "8:32:35 PDT"]
[Termination "ubdip won by checkmate"]

1. e4 c5 2. Nf3 Nc6 3. c3 e6 4. d4 cxd4 5. cxd4 d5 6. e5 Nge7 7. Nc3 Nf5 8. Be2 Qb6 9. Na4 Qa5+ 10. Bd2 Bb4 11. Bc3 Bd7 12. O-O Nxe5 13. Nxe5 Bxa4 14. Bxb4 Bxd1 15. Bxa5 Bxe2 16. Rfc1 f6 17. Nf3 Bxf3 18.
gxf3 Nxd4 19. Rc7 O-O 20. Rxb7 Rfb8 21. Rd7 Rxb2 22. Kg2 Ne2 23. Kf1 Nf4 24. Bc7 e5 25. h4 h5 26. Ba5 Rc8 27. Rxa7 Rcc2 28. Be1 Nd3 29. Rd1 Nxe1 30. Rxe1 Rxf2+ 31. Kg1 Rg2+ 32. Kh1 Rh2+ 33. Kg1 Rbg2+ 34. Kf1 Rxa2 35. Kg1 Rhg2+ 36. Kh1 Rxa7 37. Kxg2 Ra2+ 38. Kg3 Kf7 39. Rb1 Ke6 40. Rb7 g6 41. Rg7 Kf5 42. Rd7 d4 43. Rd6 Ra3 44.
Kg2 d3 45. Kf2 g5 46. hxg5 fxg5 47. Ke3 h4 48. Rh6 d2+ 49. Ke2 Rxf3 50. Kd1 Rf2 51. Rh8 Kg4 52. Re8 h3 53. Rxe5 h2 54. Re4+ Kf3 55.
Rb4 h1=Q+ 56. Kc2 d1=Q+ 57. Kc3 Qhe1+ 58. Kc4 Rc2+ 59. Kb5 Qxb4+ 60. Ka6 Qdb1 61. Ka7 Ra2# 0-1

[Event "Early-Titled-Tuesday-Blitz-May-07-2024"]
[Site "Chess.com"]
[Date "2024.05.07"]
[Round "3"]
[White "JoliyRoger"]
[Black "djano"]
[Result "0-1"]
[WhiteElo "2400"]
[BlackElo "2588"]
[TimeControl "180+1"]
[EndTime "8:32:35 PDT"]
[Termination "djano won on time"]

1. d4 Nf6 2. c4 g6 3. Nc3 Bg7 4.
e4 d6 5. Nf3 O-O 6. h3 Nc6 7.
Bg5 h6 8. Be3 Re8 9. Qd2 e5 10. d5 Nd4 11. Bxh6 Bxh6 12. Qxh6 Nc2+ 13. Kd2 Nxa1 14. Bd3 Qe7 15. Rxa1 Qf8 16. Qe3 Bd7 17. Rh1 c6 18. h4 cxd5 19. cxd5 Nh5 20. g3 b5 21. Ng5 b4 22. Nd1 Qh6 23. f4 exf4 24. gxf4 f6 25. Ne6 Bxe6 26. dxe6 Qxf4 27. Bc4 Kg7 28. Bd5 Rac8 29. Qxf4 Nxf4 30. Rg1 Nxe6 31.
h5 g5 32. Ne3 Nd4 33. Kd3 Nf3 34. Nf5+ Kh7 35. Rf1 Ne5+ 36. Kd4 Red8 37. Ne3 Rf8 38. Nf5 Rc2 39. Nxd6 Rd2+ 40. Kc5 a5 41. Nf5 Rxb2 42. Kd6 a4 43. Ke7 Rb8 44. Kxf6 Nd3 45. Kxg5 Rg2+ 46. Kf6 b3 47. axb3 a3 48. b4 Nxb4 49. Ke7 a2 50. Nd6 Nxd5+ 51. exd5 Rb1 52. Rf7+ Rg7 53. Rxg7+ Kxg7 0-1

[Event "Early-Titled-Tuesday-Blitz-May-07-2024"]
[Site "Chess.com"]
[Date "2024.05.07"]
[Round "3"]
[White "MarkusRagger"]
[Black "Hikaru"]
[Result "0-1"]
[WhiteElo "2823"]
[BlackElo "3235"]
[TimeControl "180+1"]
[EndTime "8:32:36 PDT"]
[Termination "Hikaru won by resignation"]

1. d4 g6 2. e4 Bg7 3. Nf3 a6 4. c4 c5 5. Be2 d6 6. dxc5 Qa5+ 7. Bd2 Qxc5 8. Nc3 Bg4 9. Nd5 Nd7 10. Be3 Qc8 11.
Qd2 Ngf6 12. Bd3 Bxf3 13. gxf3 Nxd5 14. cxd5 Ne5 15. Be2 Qh3 16. Qd1 Rc8 17. f4 Qg2 18.
Rf1 Nc4 19. Bf3 Nxe3 20. Bxg2 Nxd1 21. Kxd1 f5 22. Rc1 Kf7 23. Rxc8 Rxc8 24. exf5 gxf5 25. Bh3 Rc5 26. Bg2 Bxb2 27. Re1 Rc4 28. Re3 Rxf4 29. Rf3 Rxf3 30. Bxf3 Bd4 31. Ke2 Kf6 32.
Bh5 Ke5 33. Bf7 b5 34. Be6 a5 35. f3 b4 36. Kd3 Bc5 37. Kc4 a4 38. Kd3 Kf4 39.
Bd7 b3 40. axb3 a3 41. Kc2 e5 42. dxe6 d5 43. Bb5 Kxf3 44. Bd3 Kf4 45. Kc3 Ke5 46. Bb1 Kxe6 47. b4 Bd6 48. Kb3 Bxh2 49.
Kxa3 h5 50. Kb3 h4 51. Bd3 Bc7 52. Bf1 Ke5 53. Kc3 Ke4 54. Kd2 Kf3 55. Bh3 f4 56. b5 Kg3 57. Be6 d4 58. Kd3 Bb6 59. Ke4 f3 60. Bc4 h3 61. Bf1 h2 0-1

[Event "Early-Titled-Tuesday-Blitz-May-07-2024"]
[Site "Chess.com"]
[Date "2024.05.07"]
[Round "3"]
[White "NikitaShnadrygin"]
[Black "Agibileg"]
[Result "1-0"]
[WhiteElo "2706"]
[BlackElo "2898"]
[TimeControl "180+1"]
[EndTime "8:32:38 PDT"]
[Termination "NikitaShnadrygin won by checkmate"]

1. e4 c5 2. Nf3 e6 3. d4 cxd4 4.
Nxd4 Nc6 5. Nc3 a6 6. Nxc6 bxc6 7. Be3 d5 8. Be2 Nf6 9. O-O Be7 10. Qd3 O-O 11.
Bd4 a5 12. Rfd1 Ba6 13. Qf3 Bxe2 14. Qxe2 Nd7 15. Na4 Bf6 16. Bxf6 Nxf6 17. exd5 cxd5 18. c4 Qd6 19. Nc3 Rad8 20. cxd5 exd5 21. Rd4 Rfe8 22. Qd2 h5 23. h3 Re5 24. Rd1 Qc5 25. Qf4 Rde8 26.
Kh2 Qd6 27. g3 Qb6 28. Nxd5 Nxd5 29. Rxd5 Rxd5 30. Rxd5 Qxb2 31. Rxa5 g6 32. Ra7 Rf8 33. h4 Kg7 34. Ra5 Re8 35. Ra7 Rf8 36. a4 Qa2 37.
Rd7 Re8 38. a5 Re2 39. Kg2 Rb2 40. a6 Rb5 41. a7 Rf5 42. Qd4+ Kh7 43. Rd8 f6 44.
Qd7+ Kh6 45. Rh8# 1-0

[Event "Early-Titled-Tuesday-Blitz-May-07-2024"]
[Site "Chess.com"]
[Date "2024.05.07"]
[Round "3"]
[White "JiaHaoxiang"]
[Black "Groetzi"]
[Result "1/2-1/2"]
[WhiteElo "2584"]
[BlackElo "2417"]
[TimeControl "180+1"]
[EndTime "8:32:39 PDT"]
[Termination "Game drawn by repetition"]

1. e4 c5 2. d4 cxd4 3. c3 dxc3 4. Nxc3 d6 5. Nf3 e6 6. Bc4 Be7 7. O-O a6 8. Qe2 Nc6 9. Rd1 Bd7 10. Bf4 e5 11. Be3 Nf6 12. Rac1 h6 13. Nd5 Nxd5 14. exd5 Na5 15. Bd3 b5 16. b4 Nb7 17. h3 O-O 18. g4 Rc8 19. Be4 Rxc1 20. Rxc1 Qb8 21. a4 Rc8 22. a5 Rxc1+ 23. Bxc1 Qc8 24. Bd2 f5 25. Bb1 Nd8 26. Qe3 fxg4 27. hxg4 Bxg4 28. Qe4 Nf7 29.
Nh2 Bd7 30. Nf1 Qc4 31. Qh7+ Kf8 32. Ne3 Qe2 33. Qc2 Ng5 34. Kg2 Qf3+ 35. Kf1 Qh1+ 36.
Ke2 Qf3+ 37. Kd3 Qxf2 38. Qc7 Bf5+ 39. Nxf5 Qxf5+ 40. Kc3 Qxb1 41. Bxg5 Bxg5 42. Qc8+ Kf7 43. Qe6+ Kf8 44. Qc8+ Kf7 45. Qe6+ Kf8 46. Qc8+ 1/2-1/2

[Event "Early-Titled-Tuesday-Blitz-May-07-2024"]
[Site "Chess.com"]
[Date "2024.05.07"]
[Round "3"]
[White "SirStrateg"]
[Black "ErikRonka"]
[Result "1-0"]
[WhiteElo "2674"]
[BlackElo "2499"]
[TimeControl "180+1"]
[EndTime "8:32:40 PDT"]
[Termination "SirStrateg won by resignation"]

1. d4 d5 2. Bf4 c5 3. e3 Nc6 4. c3 Nf6 5. Nd2 cxd4 6. exd4 Bg4 7. Qb3 Qc8 8. h3 Bh5 9. a4 e6 10. a5 Be7 11. Ngf3 O-O 12. a6 b6 13. Bb5 Ne8 14.
Qa4 Nb8 15. O-O Nd6 16. Bxd6 Bxd6 17. Rae1 Rd8 18. Ne5 Qc7 19. f4 Bg6 20. Rf2 Bxe5 21. fxe5 Nd7 22. Re3 Nf8 23. g4 h6 24. Kg2 Nh7 25.
h4 Rac8 26. h5 Be4+ 27. Nxe4 dxe4 28. Rxe4 Ng5 29. Ref4 Qe7 30. Bc6 Rf8 31. Bb7 Rcd8 32. Qc6 Nh7 33. Kg3 Qg5 34. Qh1 f6 35. Qh4 Qxh4+ 36.
Kxh4 Kf7 37. exf6 gxf6 38. Re2 Ke7 39. Rfe4 Ng5 40. R4e3 Rd6 41. Bg2 Rfd8 42. d5 b5 43.
dxe6 Rxe6 44. Rxe6+ Nxe6 45. Bb7 Rd6 46. Bc8 Kf7 47.
Rxe6 Rxe6 48. Bxe6+ Kxe6 49. Kg3 Kd5 50. b3 Ke4 51. c4 bxc4 52. bxc4 Kd4 53. Kf4 Kxc4 54.
Kf5 Kb5 55. Kxf6 Kxa6 56. g5 hxg5 57. Kxg5 1-0

[Event "Early-Titled-Tuesday-Blitz-May-07-2024"]
[Site "Chess.com"]
[Date "2024.05.07"]
[Round "3"]
[White "Kunalm64"]
[Black "MFatigue"]
[Result "0-1"]
[WhiteElo "2628"]
[BlackElo "2487"]
[TimeControl "180+1"]
[EndTime "8:32:40 PDT"]
[Termination "MFatigue won by resignation"]

1. e4 e6 2. d4 d5 3. Nd2 Nf6 4. e5 Nfd7 5. Bd3 c5 6. c3 Nc6 7. Ne2 cxd4 8. cxd4 f6 9. exf6 Nxf6 10. Nf3 Bd6 11. O-O Qc7 12. h3 O-O 13. Be3 Bd7 14.
Rc1 h6 15. a3 Be8 16. b4 a6 17.
Nh4 Ne4 18. f4 Qe7 19. Nf3 Nf6 20. Ne5 Rd8 21. Ng6 Bxg6 22. Bxg6 Ne4 23. Bxe4 dxe4 24. Qc2 Qd7 25. Qxe4 Ne7 26. g3 Nd5 27. Bf2 Bb8 28. Kg2 Nf6 29. Qf3 Ba7 30. Rfd1 Rf7 31. Kh1 Qa4 32.
Rd3 Rfd7 33. Rcd1 Nd5 34. Qe4 Kf7 35. Kh2 a5 36. f5 exf5 37. Qxf5+ Kg8 38. Qe6+ Kh8 39.
Qg6 axb4 40. axb4 Nxb4 41. R3d2 Qc6 42. Qg4 Nd5 43. Nf4 Nxf4 44. Qxf4 Qd5 45. Re2 b5 46.
Rde1 Bxd4 47. Re8+ Rxe8 48. Rxe8+ Kh7 49. Bxd4 Qxd4 50.
Qf5+ g6 51. Qe6 Qf2+ 52. Kh1 Rd1+ 53. Qe1 Rxe1+ 54. Rxe1 Qxe1+ 0-1

[Event "Early-Titled-Tuesday-Blitz-May-07-2024"]
[Site "Chess.com"]
[Date "2024.05.07"]
[Round "3"]
[White "KnightDuta"]
[Black "Msb2"]
[Result "0-1"]
[WhiteElo "2742"]
[BlackElo "3042"]
[TimeControl "180+1"]
[EndTime "8:32:41 PDT"]
[Termination "Msb2 won by checkmate"]

1. e4 e6 2. d4 d5 3. Nc3 Nf6 4. e5 Nfd7 5. f4 c5 6. Nf3 Nc6 7. Be3 Rb8 8. Qd2 Qa5 9. Be2 b5 10. O-O b4 11. Nd1 cxd4 12. Nxd4 Nxd4 13. Bxd4 Bc5 14.
Nf2 O-O 15. a3 Qb6 16. Bxc5 Nxc5 17. Qxb4 Qxb4 18. axb4 Rxb4 19. b3 Rb7 20. Ra5 Rc7 21.
Rfa1 Nb7 22. R5a2 a5 23. Bd3 Bd7 24. Nd1 g6 25. Kf2 Rb8 26. Ke3 Kg7 27. Kd2 h6 28.
Nf2 Ra8 29. b4 a4 30. Nd1 Nd8 31. c3 Rca7 32. Ne3 Nc6 33. Nc2 g5 34. g3 gxf4 35. gxf4 f6 36. exf6+ Kxf6 37. Ke3 e5 38. fxe5+ Kxe5 39.
b5 Na5 40. b6 Rb7 41. Rxa4 Bxa4 42. Rxa4 Nc4+ 43. Rxc4 dxc4 44. Be4 Rab8 45. Bxb7 Rxb7 46. Na3 Kd5 47. Nb5 Rxb6 48. Nc7+ Ke5 49. Ne8 Rb7 50.
h4 Re7 51. Nd6 Kxd6+ 52. Kd4 Rg7 53. Kxc4 Rg4+ 54. Kb5 Rxh4 55. c4 Kc7 56. Kc5 Rg4 57. Kd5 h5 58. c5 Kc8 59. Ke5 Kb7 60. Kf5 Kc6 61. Kf6 Kxc5 62. Kf5 Kb4 63. Kf6 Ka3 64.
Kf5 Ka2 65. Kf6 Ka1 66. Ke6 Kb1 67. Ke5 Kc2 68. Kf5 Kc1 69. Kf6 Kd1 70. Kf5 Kd2 71.
Kf6 Ke2 72. Kf5 Ke1 73. Kf6 Kf1 74. Kf5 Kf2 75. Kf6 Kf3 76. Kf5 h4 77. Kf6 h3 78.
Kf5 h2 79. Kf6 Rg3 80. Kf5 Rg2 81. Kf6 Kf2 82. Kf5 Rg1 83. Kf6 Kf1 84. Kf5 Ke2 85.
Kf6 Ke1 86. Kf5 Kd2 87. Kf6 Kd1 88. Kf5 Kc2 89. Kf6 Kc1 90. Kf5 Kb2 91. Kf6 Kb1 92. Kf5 Ka2 93. Kf6 Ka1 94. Kf5 h1=Q 95. Kf6 Qg2 96. Kf5 Qg8 97. Kf6 Qf8+ 98. Ke6 Qe8+ 99. Kf6 Rb1 100. Kg7 Rb7+ 101. Kh6 Qe5 102. Kg6 Qe6+ 103. Kg5 Rb4 104. Kh5 Rb5+ 105. Kh4 Qc4+ 106. Kg3 Rb3+ 107. Kf2 Qc2+ 108. Ke1 Rb1# 0-1

[Event "Early-Titled-Tuesday-Blitz-May-07-2024"]
[Site "Chess.com"]
[Date "2024.05.07"]
[Round "3"]
[White "yobdc"]
[Black "Roosters19"]
[Result "1-0"]
[WhiteElo "2525"]
[BlackElo "2293"]
[TimeControl "180+1"]
[EndTime "8:32:41 PDT"]
[Termination "yobdc won by resignation"]

1. Nf3 c5 2. g3 Nc6 3. Bg2 g6 4. O-O Bg7 5. c4 Nf6 6. d4 cxd4 7. Nxd4 O-O 8. Nc3 d6 9. e3 Bg4 10. Qd2 Qd7 11. b3 Rac8 12. Bb2 Bh3 13. Rac1 Bxg2 14. Kxg2 a6 15. Na4 Qc7 16. f3 h5 17. h4 Rfd8 18. Ne2 b5 19. cxb5 axb5 20. Nac3 Qb7 21.
Nf4 Ne5 22. e4 e6 23. Nce2 Ra8 24. Ba1 Nc6 25. Rc2 d5 26. exd5 Nxd5 27. Nxd5 Rxd5 28. Qe3 Bxa1 29. Rxa1 Ne5 30. Nf4 Rad8 31. Nxd5 Qxd5 32. Rf1 b4 33. Qe4 Qxe4 34. fxe4 Ng4 35. Re1 Rd3 36. Rc8+ Kg7 37. Rb8 Ne3+ 38. Kh3 Ng4 39. Re2 Rd1 40. Rxb4 Rh1+ 41. Kg2 Rh2+ 42. Kf3 Ne5+ 43. Ke3 Rh3 44. Rg2 Ng4+ 45. Ke2 Rh1 46. a4 Ra1 47. Rb5 Ra2+ 48. Kf3 Ra3 49. Rb2 f6 50. a5 Ra1 51. Ke2 Ra3 52.
Kd3 Ne5+ 53. Rxe5 fxe5 54. Kc4 Rxa5 55. b4 Ra8 56. b5 Rc8+ 57. Kb4 Rb8 58. Kc5 Kf7 59.
b6 Ke7 60. b7 Kd8 61. Kb6 Kd7 62. Rd2+ Ke7 63. Kc7 Rxb7+ 64. Kxb7 1-0

[Event "Early-Titled-Tuesday-Blitz-May-07-2024"]
[Site "Chess.com"]
[Date "2024.05.07"]
[Round "3"]
[White "pauliukevicius"]
[Black "vladgoncharov"]
[Result "0-1"]
[WhiteElo "2409"]
[BlackElo "2593"]
[TimeControl "180+1"]
[EndTime "8:32:42 PDT"]
[Termination "vladgoncharov won by resignation"]

1. e4 e6 2. d4 d5 3. e5 c5 4. c3 Nc6 5. Nf3 Nge7 6. Bd3 cxd4 7. cxd4 Nf5 8. Bc2 Nh4 9. Nxh4 Qxh4 10. Be3 Qd8 11.
O-O Bd7 12. Nc3 Rc8 13. a3 Na5 14. Bd3 Nc4 15. Bxc4 Rxc4 16. a4 g6 17. Ne2 Bg7 18. b3 Rc8 19. Qd3 O-O 20. b4 Rc4 21. Rfb1 Qb6 22. b5 Qa5 23. Bd2 Qc7 24. a5 b6 25.
axb6 axb6 26. Bb4 Rc8 27. Bd6 Qd8 28. Ra7 Ra8 29. Rxa8 Qxa8 30. h3 h6 31. Qd1 Qa2 32.
Ng3 Qc2 33. Qxc2 Rxc2 34. Kf1 g5 35. Ne2 Kh7 36. Ke1 Kg6 37. g4 Rc4 38. Kd2 f6 39.
Kd3 fxe5 40. dxe5 Kf7 41. Nd4 Bf8 42. Bxf8 Kxf8 43. Ra1 Ke7 44. Ra7 Rc1 45. Nc6+ Ke8 46. Ra8+ Kf7 47. Ra7 Ke8 48. Nd4 Rb1 49. Kc2 Rb4 50. Kc3 Rc4+ 51. Kd3 Rb4 52. Ra8+ Ke7 53. Nc6+ Bxc6 54. bxc6 Rc4 55. Ra7+ Ke8 56. Rc7 b5 57. f3 b4 58. Rh7 b3 59. c7 b2 60. Rh8+ Kd7 61.
Rb8 Kxc7 62. Rxb2 Ra4 63. Rc2+ Kd7 64. Ke2 Ra3 65. Rb2 d4 66. Rb7+ Kc6 67. Rb8 Kd5 68.
h4 Kxe5 69. hxg5 hxg5 70. Rb5+ Kf4 71. Rb4 e5 72. Rb8 Re3+ 73. Kd2 Rxf3 74. Rf8+ Kxg4 75. Re8 Kf4 76. Ke2 Re3+ 77. Kf2 g4 78. Rg8 Ke4 79. Rxg4+ Kd3 80. Rg8 e4 81. Ra8 Rf3+ 82. Ke1 Ke3 83. Ra3+ d3 84. Ra2 d2+ 85. Rxd2 Rf1+ 86. Kxf1 Kxd2 87.
Kf2 e3+ 88. Kg2 e2 89. Kg3 e1=Q+ 90. Kf4 0-1

[Event "Early-Titled-Tuesday-Blitz-May-07-2024"]
[Site "Chess.com"]
[Date "2024.05.07"]
[Round "3"]
[White "Aygehovit1992"]
[Black "toninhojit"]
[Result "1/2-1/2"]
[WhiteElo "2848"]
[BlackElo "2573"]
[TimeControl "180+1"]
[EndTime "8:32:44 PDT"]
[Termination "Game drawn by repetition"]

1. e4 e5 2. Nf3 Nc6 3. Bb5 Nf6 4. Bf1 Nxe4 5. d4 exd4 6. Nxd4 Bc5 7. Be3 Qf6 8. c3 Nxd4 9. cxd4 Bb4+ 10. Nd2 Nxd2 11. Bxd2 Qxd4 12. Qe2+ Kd8 13. O-O-O Bxd2+ 14. Rxd2 Qc5+ 15.
Rc2 Qg5+ 16. Kb1 Re8 17. Qd1 d6 18. h4 Qe5 19. Bd3 Bf5 20. a3 Kd7 21. Bxf5+ Qxf5 22. g4 Qe4 23. Qc1 c6 24. Rg1 d5 25. Qg5 Qg6 26. Qd2 Re4 27. h5 Qf6 28. g5 Qf4 29. Qc3 Qe5 30. Qb3 Re1+ 31. Ka2 Kc7 32. Rxe1 Qxe1 33.
Qxd5 Qe6 34. Qxe6 fxe6 35. f4 Rf8 36. Rc4 Rf5 37. Re4 Kd6 38. Kb3 e5 39. fxe5+ Rxe5 40. Rg4 Ke6 41. Rg1 Re4 42. g6 h6 43. Rf1 Kd6 44. Rf7 Re7 45. Rf8 Kc5 46. Ka4 Re5 47. b4+ Kb6 48. Rf7 Rxh5 49. Rxg7 Rg5 50. Kb3 Rg4 51. a4 h5 52. a5+ Ka6 53. Rh7 Rg3+ 54.
Ka4 b5+ 55. axb6 axb6 56. b5+ cxb5+ 57. Kb4 Rg4+ 58. Kb3 b4 59. g7 h4 60. Rxh4 Rxg7 61. Kxb4 Re7 62. Rd4 Rf7 63. Rh4 Re7 64. Rd4 Rf7 65.
Rh4 Re7 1/2-1/2

[Event "Early-Titled-Tuesday-Blitz-May-07-2024"]
[Site "Chess.com"]
[Date "2024.05.07"]
[Round "3"]
[White "Pertinhez76"]
[Black "vedantgoswami"]
[Result "0-1"]
[WhiteElo "2139"]
[BlackElo "2381"]
[TimeControl "180+1"]
[EndTime "8:32:44 PDT"]
[Termination "vedantgoswami won by checkmate"]

1. e4 c6 2. Nc3 d5 3. Nf3 Bg4 4.
h3 Bxf3 5. Qxf3 e6 6. d3 Bb4 7.
Bd2 d4 8. Nb1 Qb6 9. c3 Be7 10. b3 Nf6 11. g4 Nfd7 12. cxd4 Qxd4 13. Bc3 Bb4 14. Bxb4 Qxa1 15. Qd1 Qxa2 16. Nc3 Qb2 17. Be2 a5 18. Na4 Qf6 19. Bc3 e5 20. Rf1 Qf4 21. Qa1 b5 22. Bd2 Qf6 23. Nc3 O-O 24. f4 Qe7 25. g5 Na6 26. h4 Nb4 27. Kd1 exf4 28. Bxf4 Nc5 29. Rf3 Nxb3 30. Qb2 Nd4 31. Re3 Nxe2 32.
Kxe2 Rfd8 33. h5 Qe6 34. h6 Qg4+ 35. Rf3 Rxd3 36. Be3 Rad8 37. Nd5 f6 38. Ne7+ Kf7 39. hxg7 Qg2+ 40. Rf2 Rxe3+ 41. Kxe3 Rd3+ 42. Ke2 Qg4+ 43. Rf3 Qg2+ 44. Ke1 Qg1+ 45. Rf1 Qe3+ 46. Qe2 Qc1+ 47.
Kf2 Qc5+ 48. Kg2 Qxe7 49. gxf6 Qe5 50. g8=Q+ Kxg8 51. Qf2 Qg5+ 52. Kh2 Qh5+ 53. Kg2 Qg4+ 54. Kh2 Rh3# 0-1

[Event "Early-Titled-Tuesday-Blitz-May-07-2024"]
[Site "Chess.com"]
[Date "2024.05.07"]
[Round "3"]
[White "MagnusCarlsen"]
[Black "sokidze"]
[Result "1/2-1/2"]
[WhiteElo "3227"]
[BlackElo "2831"]
[TimeControl "180+1"]
[EndTime "8:32:45 PDT"]
[Termination "Game drawn by repetition"]

1. a4 d5 2. Ra3 Nf6 3. Nf3 Nc6 4. d4 e6 5. Bf4 Bxa3 6. Nxa3 a6 7. e3 O-O 8. c3 b6 9. Bd3 Bb7 10. O-O Ne7 11.
Nb1 Ng6 12. Bg5 h6 13. Bxg6 fxg6 14. Bf4 g5 15. Bg3 Ne4 16. Nbd2 Nxd2 17. Qxd2 Bc6 18. Ra1 a5 19. Ne5 Be8 20. f3 c5 21. h3 Rc8 22. Qe1 Qe7 23. Kh2 Rf6 24. Qb1 Bh5 25. Qd3 c4 26. Qc2 Qe8 27. b3 Bg6 28. Qb2 cxb3 29.
Qxb3 Qd8 30. Ra3 Kh7 31. Qb2 Be8 32. Qe2 Kg8 33. Qa6 Ra8 34. Qd3 Rc8 35. c4 dxc4 36. Nxc4 b5 37. Nd6 b4 38. Nxc8 bxa3 39. Nd6 Bxa4 40. Qxa3 Qd7 41. Qc5 Rf8 42. Qxa5 Bc6 43. Nc4 Ra8 44. Qc3 Bd5 45. Ne5 Qc8 46. Qd3 Ra2 47.
e4 Bb7 48. Qb3 Qc2 49. Qxe6+ Kh7 50. Qg6+ Kg8 51. Qe8+ Kh7 52. Qg6+ Kg8 53. Qe8+ Kh7 54. Qg6+ 1/2-1/2

[Event "Early-Titled-Tuesday-Blitz-May-07-2024"]
[Site "Chess.com"]
[Date "2024.05.07"]
[Round "3"]
[White "Naruto75_3"]
[Black "Legendinunknown"]
[Result "0-1"]
[WhiteElo "2414"]
[BlackElo "2830"]
[TimeControl "180+1"]
[EndTime "8:32:45 PDT"]
[Termination "Legendinunknown won by resignation"]

1. d4 Nf6 2. c4 e6 3. Nc3 Bb4 4. Qc2 c5 5. dxc5 O-O 6. Bf4 Na6 7. e3 Qa5 8. Bd3 Nxc5 9. Ne2 e5 10. Bxh7+ Nxh7 11. Bxe5 Nd3+ 12. Qxd3 Qxe5 13. O-O Nf6 14. f4 Qe7 15.
Ng3 d6 16. Nb5 Bc5 17. Nd4 Re8 18. Rfe1 Ng4 19. Nf1 Qh4 20. Qd2 Qf6 21. Rad1 Bd7 22. b4 Bb6 23. h3 Nh6 24. Nb3 Ba4 25. Kh1 Rad8 26. Rc1 Bxb3 27. axb3 Nf5 28. e4 Nd4 29. Rc3 Ne6 30. Rf3 Nd4 31. Rd3 Nc6 32. Ng3 a5 33. b5 Nb4 34. Rf3 Bc5 35. Nf5 g6 36. Nh6+ Kg7 37. Ng4 Qd4 38. Qe2 f5 39. Nf2 Re7 40.
Rd1 Qf6 41. e5 Qf8 42. Nd3 Nxd3 43. Rfxd3 Rde8 44. Qf3 dxe5 45. Rd7 e4 46. Qc3+ Qf6 47. Qxa5 Rxd7 48. Rxd7+ Re7 49. Rd8 e3 50. Qa8 e2 51.
Rg8+ Kh7 0-1

[Event "Early-Titled-Tuesday-Blitz-May-07-2024"]
[Site "Chess.com"]
[Date "2024.05.07"]
[Round "3"]
[White "jinbojinbo"]
[Black "mbojan"]
[Result "1-0"]
[WhiteElo "2638"]
[BlackElo "2907"]
[TimeControl "180+1"]
[EndTime "8:32:45 PDT"]
[Termination "jinbojinbo won on time"]

1. e4 g6 2. d4 Nf6 3. Nc3 d5 4. Bd3 dxe4 5. Nxe4 Bg7 6. Nf3 O-O 7. O-O Bg4 8.
Nxf6+ exf6 9. c3 Nd7 10. h3 Be6 11. c4 c6 12. b3 a6 13. Bb2 Re8 14. Qd2 Nf8 15.
Rad1 Qd7 16. Rfe1 Rad8 17. Bf1 Bf5 18. Rxe8 Qxe8 19. Re1 Qd7 20. Qe3 g5 21. h4 h6 22. g3 Bg6 23. Bg2 Ne6 24. d5 cxd5 25. cxd5 Nc7 26. hxg5 hxg5 27. Qd4 Qxd5 28. Re7 Qxd4 29.
Nxd4 Nd5 30. Rxb7 f5 31. a3 f4 32. g4 a5 33. Bf3 Bf6 34. Kg2 Ne7 35. Nc6 Bxb2 36.
Nxd8 Bxa3 37. Rb5 f6 38. Rxa5 Bb4 39. Rb5 Bd6 40. Rb7 Be8 41. b4 Ng6 42. b5 Ne5 43. Bd5+ Kh8 44. Nc6 f3+ 45. Kh3 Nd3 46. Bxf3 Nxf2+ 47.
Kg2 Nd3 48. Ra7 Nf4+ 49. Kf1 Bg6 50. b6 Bd3+ 51. Ke1 Bb4+ 52. Nxb4 1-0

[Event "Early-Titled-Tuesday-Blitz-May-07-2024"]
[Site "Chess.com"]
[Date "2024.05.07"]
[Round "3"]
[White "GMAneta"]
[Black "Casablanca"]
[Result "0-1"]
[WhiteElo "2506"]
[BlackElo "2721"]
[TimeControl "180+1"]
[EndTime "8:32:45 PDT"]
[Termination "Casablanca won by checkmate"]

1. d4 d5 2. Nf3 Bf5 3. c4 e6 4.
Nc3 c6 5. Qb3 Qb6 6. c5 Qc7 7.
Bf4 Qc8 8. e3 Nf6 9. h3 h6 10.
Be2 Be7 11. O-O O-O 12. Qa3 Nbd7 13. b4 b5 14. Qb2 a5 15. a4 axb4 16. Qxb4 bxa4 17.
Nxa4 Ne4 18. Nb6 Nxb6 19. Qxb6 Nc3 20. Ba6 Rxa6 21. Qxa6 Qxa6 22. Rxa6 Bd3 23. Rfa1 Ne2+ 24. Kh2 Bxa6 25. Rxa6 Rc8 26. Ne5 Bf6 27. Nxc6 Nxf4 28. exf4 h5 29. g4 hxg4 30. hxg4 g5 31. fxg5 Bxg5 32. Kg3 Rc7 33. f4 Bf6 34. g5 Bg7 35. Kg4 Kh7 36. f5 exf5+ 37. Kxf5 Rb7 38. Ne5 Bf8 39.
Rb6 Rc7 40. Rf6 Kg7 41. Rc6 Rb7 42. Ng4 Rb1 43. Nh6 Re1 44. Rc7 Be7 45. Kf4 Re4+ 46.
Kf3 Bxg5 47. Nf5+ Kf6 48. Ng3 Rxd4 49. Rc6+ Ke5 50. Rc7 f5 51. Rg7 Bf6 52. Rf7 Rd3+ 53.
Kg2 Rc3 54. Rc7 d4 55. Nf1 Rc2+ 56. Kf3 Rc3+ 57. Ke2 Bg5 58. c6 d3+ 59. Kd1 Rc1# 0-1

[Event "Early-Titled-Tuesday-Blitz-May-07-2024"]
[Site "Chess.com"]
[Date "2024.05.07"]
[Round "3"]
[White "lagunanivaria"]
[Black "IM_ArthurDW08"]
[Result "0-1"]
[WhiteElo "2510"]
[BlackElo "2745"]
[TimeControl "180+1"]
[EndTime "8:32:47 PDT"]
[Termination "IM_ArthurDW08 won by resignation"]

1. Nf3 g6 2. d4 Bg7 3. c3 c5 4. dxc5 Na6 5. Be3 Nf6 6. Nbd2 Ng4 7. Bf4 Nxc5 8. h3 Nf6 9. e3 O-O 10. Be2 d6 11. O-O e5 12. Bh2 Qe7 13. Re1 Rd8 14. Rc1 Be6 15. b3 Nce4 16. Nxe4 Nxe4 17. Bd3 Nc5 18. Bb1 a5 19. Nd2 d5 20. Qe2 f6 21.
Red1 Qf7 22. Qb5 Rdc8 23. Qe2 Bf8 24. Bg3 Rd8 25. Qb5 Bd7 26. Qe2 Bc6 27. a3 b5 28.
b4 Na4 29. Nb3 axb4 30. cxb4 Bd7 31. Na5 Rdc8 32. Qd2 Be6 33. Bd3 Rc4 34. e4 Rd4 35.
Qe3 Nb2 36. exd5 Bxd5 37. Rd2 Nxd3 38. Rxd3 Bh6 39. Qxh6 Rxd3 40. Kh2 Qd7 41. h4 Rc8 42. Rxc8+ Qxc8 43. h5 Qf5 44. hxg6 hxg6 45. Bh4 Qg4 46. Bg3 Qh5+ 47. Qxh5 gxh5 48. Bh4 Kf7 49. f3 Rxa3 50. Bf2 Ra2 51. Kg1 Rb2 52. Bc5 h4 53. Kh2 Bxf3 54. Kh3 Bxg2+ 55. Kxh4 f5 56. Kg5 Ke6 0-1